[Event "42nd Olympiad Baku 2016 Open"]
[Site "Baku"]
[Date "2016.09.03"]
[Round "2.34"]
[White "Aguilar, Luis Miguel"]
[Black "Ashraf, Ahmed Ramadan"]
[Result "1-0"]
[ECO "A13"]
[WhiteElo "2301"]
[BlackElo "1952"]
[Annotator ""]
[PlyCount "77"]
[EventDate "2016.??.??"]
[EventCountry "AZE"]
[SourceTitle "playchess.com"]
[Source "ChessBase"]
[WhiteTeam "BOL"]
[BlackTeam "MDV"]
[WhiteTeamCountry "BOL"]
[BlackTeamCountry "EGY"]
[TimeControl "40/5400+30:1800+30"]

1. g3 {(00:00)} Nf6 {(00:00)} 2. Bg2 {(00:00)} e6 {
(00:00)} 3. c4 {(00:00)} d5 {(00:00)} 4. Nf3 {(00:
34)} dxc4 {(00:07)} 5. Qa4+ {(00:17)} Bd7 {(00:03)} 6.
Qxc4 {(00:09)} Bc6 {(00:14)} 7. O-O {(00:31)} Be7 {
(00:03)} 8. d3 {(01:00)} O-O {(01:11)} 9. b3 {(10:
26)} a6 {(04:25)} 10. Bb2 {(00:31)} b5 {(00:55)} 11. Qc2 {
(00:27)} Bb7 {(00:06)} 12. a4 {(12:52)} Nc6 {(13:
54)} 13. axb5 {(09:11)} axb5 {(04:08)} 14. Rxa8 {(00:24)}
Qxa8 {(09:04)} 15. Nc3 {(15:28)} Qa6 {(19:11)} 16. Ra1 {
(18:40)} Qb6 {(03:22)} 17. Qd2 {(04:29)} Bb4 {(06:
16)} 18. Qg5 {(01:51)} e5 {(05:33)} 19. Nxe5 {(14:24)} h6
{(05:29)} 20. Qh4 {(00:55)} Qc5 {(15:54)} 21. Nxc6 {
(01:43)} Bxc6 {(02:51)} 22. Rc1 {(04:28)} Bxg2 {(
02:06)} 23. Ne4 {(02:19)} Qf5 {(02:38)} 24. Nxf6+ {(00:07]
} gxf6 {(00:09)} 25. Kxg2 {(00:55)} Bd6 {(01:41)} 26. Bxf6
{(00:33)} Qg6 {(01:13)} 27. Bb2 {(00:28)} Re8 {(00:
08)} 28. Qd4 {(00:32)} Be5 {(00:11)} 29. Qd7 {(00:12)} Re6
{(01:31)} 30. Bxe5 {(00:47)} Rxe5 {(00:03)} 31. e4 {
(00:25)} c5 {(01:53)} 32. Qc8+ {(00:33)} Kg7 {(00:
11)} 33. Rxc5 {(00:24)} Qd6 {(00:54)} 34. Qg4+ {(00:19)}
Kf6 {(01:00)} 35. Rxe5 {(00:17)} Qxe5 {(00:04)} 36. Qf4+ {
(00:14)} Ke6 {(00:19)} 37. Qxh6+ {(00:14)} f6 {(00:
20)} 38. Qh3+ {(00:07)} Kd6 {(00:04)} 39. Qf5 {(00:27] Kd5
} 1-0

[Event "42nd Olympiad Baku 2016 Open"]
[Site "Baku"]
[Date "2016.09.03"]
[Round "2.9"]
[White "Al Ghamdi, Ahmed M"]
[Black "Maqseed, Nasser"]
[Result "1/2-1/2"]
[ECO "B20"]
[WhiteElo "2192"]
[BlackElo "2000"]
[Annotator ""]
[PlyCount "87"]
[EventDate "2016.??.??"]
[EventCountry "AZE"]
[SourceTitle "playchess.com"]
[Source "ChessBase"]
[WhiteTeam "KSA"]
[BlackTeam "Kuwait"]
[BlackTeamCountry "KUW"]
[TimeControl "40/5400+30:1800+30"]

1. e4 {(00:00)} c5 {(00:00)} 2. Ne2 {(00:00)} Nc6 {
(01:18)} 3. g3 {(00:13)} g6 {(00:52)} 4. Bg2 {(00:
15)} Bg7 {(00:06)} 5. c3 {(03:45)} d6 {(06:03)} 6. O-O {
(05:06)} e6 {(03:43)} 7. d4 {(02:52)} cxd4 {(01:57]
} 8. cxd4 {(00:08)} Nge7 {(01:41)} 9. Be3 {(07:20)} O-O {
(01:56)} 10. Nbc3 {(06:17)} Bd7 {(08:53)} 11. Qd2 {
(02:32)} Re8 {(16:03)} 12. f4 {(06:06)} Na5 {(08:
28)} 13. b3 {(01:02)} a6 {(01:39)} 14. Rac1 {(03:34)} Rc8
{(00:59)} 15. Kh1 {(05:20)} b5 {(01:42)} 16. Ng1 {(
00:27)} Bc6 {(01:20)} 17. Nce2 {(06:07)} d5 {(09:37)} 18.
e5 {(04:03)} Qb6 {(06:06)} 19. g4 {(01:08)} Bd7 {(
00:57)} 20. Ng3 {(06:25)} Rxc1 {(00:39)} 21. Rxc1 {(00:18]
} Rc8 {(00:26)} 22. Rxc8+ {(00:14)} Bxc8 {(00:45)} 23. Nf3
{(02:51)} Nac6 {(01:51)} 24. Bf1 {(05:59)} b4 {(03:
28)} 25. Bd3 {(01:34)} a5 {(06:28)} 26. Kg2 {(05:42)} Na7
{(01:08)} 27. f5 {(03:46)} exf5 {(01:36)} 28. gxf5 {
(03:44)} Nxf5 {(03:37)} 29. Nxf5 {(00:45)} Bxf5 {(
02:15)} 30. Bxf5 {(00:10)} gxf5 {(00:08)} 31. Qc2 {(00:20]
} Qg6+ {(02:56)} 32. Kf1 {(05:06)} Qg4 {(00:20)} 33. Kf2 {
(03:38)} f4 {(06:08)} 34. Bd2 {(02:29)} Qg6 {(00:
58)} 35. Qc5 {(00:31)} Nc6 {(00:52)} 36. Qxd5 {(00:37)}
Bh6 {(00:18)} 37. Qc4 {(03:13)} Ne7 {(00:31)} 38. Qc5 {
(01:28)} Nf5 {(00:29)} 39. Qxa5 {(01:18)} Ne3 {(00:
01)} 40. Qa8+ {(00:00)} Kg7 {(00:00)} 41. Ne1 {(09:53)}
Qb6 {(14:24)} 42. Qe4 {(13:06)} Qa6 {(03:54)} 43. Qd3 {
(05:13)} Qxa2 {(00:09)} 44. Kf3 {(00:41)} 1/2-1/2

[Event "42nd Olympiad Baku 2016 Open"]
[Site "Baku"]
[Date "2016.09.03"]
[Round "2.12"]
[White "Al Khateeb, Taher"]
[Black "Al Habeeb, Emad"]
[Result "1-0"]
[ECO "A41"]
[WhiteElo "2002"]
[BlackElo "2030"]
[Annotator ""]
[PlyCount "87"]
[EventDate "2016.??.??"]
[EventCountry "AZE"]
[SourceTitle "playchess.com"]
[Source "ChessBase"]
[WhiteTeam "Kuwait"]
[BlackTeam "KSA"]
[WhiteTeamCountry "KUW"]
[TimeControl "40/5400+30:1800+30"]

1. d4 {(00:00)} d6 {(00:01)} 2. Bg5 {(02:02)} Nd7 {
(00:40)} 3. e4 {(05:57)} Ngf6 {(05:21)} 4. Nc3 {(
01:10)} e5 {(03:14)} 5. Nf3 {(10:37)} Be7 {(00:57)} 6.
dxe5 {(11:25)} dxe5 {(03:39)} 7. Bc4 {(07:34)} a6 {
(03:43)} 8. O-O {(13:11)} O-O {(03:29)} 9. Qe2 {(
02:05)} c6 {(02:06)} 10. Rfd1 {(08:03)} Qb6 {(03:21)} 11.
Bb3 {(00:42)} Qc7 {(01:43)} 12. a4 {(01:32)} Nc5 {(
01:12)} 13. Bc4 {(03:11)} Bg4 {(14:09)} 14. Bxf6 {(01:44)}
Bxf6 {(00:45)} 15. h3 {(01:30)} Be6 {(02:05)} 16. b4 {
(01:53)} Nxa4 {(09:52)} 17. Nxa4 {(04:19)} Bxc4 {(
05:05)} 18. Qxc4 {(00:02)} b5 {(00:22)} 19. Qe2 {(06:36)}
bxa4 {(00:42)} 20. Rxa4 {(00:01)} Qb7 {(08:23)} 21. Rda1 {
(02:03)} Rfc8 {(23:09)} 22. Rxa6 {(02:56)} Rxa6 {(
00:24)} 23. Qxa6 {(00:15)} Qd7 {(00:49)} 24. Qa7 {(04:57)}
Rc7 {(01:13)} 25. Qe3 {(00:13)} h6 {(01:13)} 26. Ra8+ {
(01:24)} Kh7 {(00:16)} 27. Ra1 {(01:23)} c5 {(03:
31)} 28. bxc5 {(01:05)} Qb5 {(00:09)} 29. c4 {(04:35)}
Qxc4 {(01:25)} 30. Rc1 {(00:06)} Qb5 {(00:18)} 31. Qc3 {
(00:24)} Qc6 {(00:37)} 32. Qc4 {(00:36)} Kg6 {(00:
57)} 33. Qd5 {(01:12)} Qe6 {(01:05)} 34. Qxe6 {(01:12)}
fxe6 {(00:05)} 35. c6 {(00:18)} Kf7 {(00:15)} 36. Ne1 {
(00:41)} Ke7 {(00:17)} 37. Nd3 {(00:06)} Kd8 {(01:
21)} 38. Kf1 {(01:03)} Ke7 {(00:35)} 39. Ke2 {(00:09)} Kd6
{(00:21)} 40. Nb4 {(00:00)} Be7 {(00:00)} 41. Rd1+ {
(00:40)} Kc5 {(02:24)} 42. Na6+ {(00:16)} Kxc6 {(
01:51)} 43. Rc1+ {(00:21)} Kb6 {(00:12)} 44. Nxc7 {(00:15]
} 1-0

[Event "42nd Olympiad Baku 2016 Open"]
[Site "Baku"]
[Date "2016.09.03"]
[Round "2.14"]
[White "Al Moshaiti, Khalil"]
[Black "Fidow, Kassim Hassan"]
[Result "1/2-1/2"]
[ECO "A46"]
[WhiteElo "2053"]
[BlackElo "1567"]
[Annotator ""]
[PlyCount "64"]
[EventDate "2016.??.??"]
[EventCountry "AZE"]
[SourceTitle "playchess.com"]
[Source "ChessBase"]
[WhiteTeam "Libya"]
[BlackTeam "Somalia"]
[WhiteTeamCountry "LBY"]
[BlackTeamCountry "SOM"]
[TimeControl "40/5400+30:1800+30"]

1. d4 {(00:00)} Nf6 2. Nf3 c5 {(04:51)} 3. e3 {(01:16)} e6
{(00:16)} 4. c4 {(00:45)} d5 {(00:11)} 5. Nc3 {(00:
09)} cxd4 {(00:46)} 6. exd4 {(00:31)} Bb4 {(00:11)} 7. Bd3
{(08:25)} dxc4 {(00:57)} 8. Bxc4 {(00:32)} Qc7 {(
00:16)} 9. Qa4+ {(09:16)} Nc6 10. O-O a6 {(04:34)} 11. d5 {
(05:09)} exd5 {(02:53)} 12. Nxd5 {(02:22)} Nxd5 {(
03:21)} 13. Bxd5 {(00:04)} Be7 {(00:01)} 14. Bf4 {(03:28)}
Qb6 {(01:29)} 15. Rfe1 {(02:26)} Kf8 {(00:52)} 16. Qe4 {
(01:59)} Qb4 {(04:24)} 17. Bxc6 {(10:00)} bxc6 {(
01:01)} 18. Qxb4 {(01:37)} Bxb4 {(00:19)} 19. Re4 {(00:08]
} Be7 {(04:50)} 20. Rae1 {(00:48)} Be6 {(08:36)} 21. Nd4 {
(00:37)} Bf6 {(02:51)} 22. Bd6+ {(02:39)} Kg8 {(02:
17)} 23. Nxe6 {(01:21)} fxe6 {(00:35)} 24. Rxe6 {(00:25)}
Bxb2 {(00:57)} 25. Re8+ {(00:18)} Kf7 {(00:26)} 26. R8e7+
{(02:35)} Kg6 {(00:28)} 27. Be5 {(05:06)} Bxe5 {(
01:25)} 28. R7xe5 {(00:01)} Rhc8 {(01:14)} 29. Rc5 {(00:
42)} Rab8 {(01:15)} 30. g3 {(00:22)} Kf6 {(00:35)} 31.
Rec1 {(01:20)} Rb6 {(08:21)} 32. a4 {(00:11)} Ke7 1/2-1/2

[Event "42nd Olympiad Baku 2016 Open"]
[Site "Baku"]
[Date "2016.09.03"]
[Round "2.28"]
[White "Alfaro, William"]
[Black "Shrestha, Bilam Lal"]
[Result "0-1"]
[ECO "E08"]
[WhiteElo "2188"]
[BlackElo "2017"]
[Annotator ""]
[PlyCount "107"]
[EventDate "2016.??.??"]
[EventCountry "AZE"]
[SourceTitle "playchess.com"]
[Source "ChessBase"]
[WhiteTeam "Nicaragua"]
[BlackTeam "Nepal"]
[WhiteTeamCountry "NCA"]
[BlackTeamCountry "NEP"]
[TimeControl "40/5400+30:1800+30"]

1. d4 {(01:25)} Nf6 {(00:00)} 2. Nf3 {(00:07)} d5 {
(01:15)} 3. c4 {(03:00)} e6 {(00:51)} 4. g3 {(00:
48)} Be7 {(00:16)} 5. Bg2 {(00:05)} O-O {(00:15)} 6. O-O {
(00:04)} Nbd7 {(00:32)} 7. Qc2 {(03:09)} c6 {(00:
32)} 8. b3 {(02:03)} Re8 {(00:16)} 9. Nc3 {(01:47)} Nf8 {
(00:32)} 10. Rd1 {(00:19)} a5 {(02:49)} 11. e4 {(
01:03)} dxe4 {(00:30)} 12. Nxe4 {(02:36)} a4 {(00:50)} 13.
Bb2 {(01:37)} axb3 {(01:58)} 14. axb3 {(00:01)} Rxa1 {
(00:11)} 15. Rxa1 {(09:54)} Nxe4 {(01:58)} 16. Qxe4 {
(00:31)} Bf6 {(00:05)} 17. Qc2 {(00:27)} Qc7 {(02:
26)} 18. Re1 {(05:29)} Ng6 {(06:44)} 19. h4 {(01:31)} Rd8
{(04:00)} 20. h5 {(03:16)} Ne7 {(02:21)} 21. Bc3 {(
12:44)} Nf5 {(02:58)} 22. Qb2 {(00:25)} b5 {(07:54)} 23.
Ne5 {(05:47)} b4 {(02:01)} 24. Bxb4 {(02:31)} Nxd4 {
(00:31)} 25. Qa2 {(01:08)} c5 {(16:25)} 26. Ba5 {(
00:14)} Qa7 {(00:21)} 27. Qa4 {(06:54)} Rf8 {(05:10)} 28.
Ng4 {(10:40)} Be7 {(04:42)} 29. Bc3 {(00:58)} Qxa4 {
(03:00)} 30. bxa4 {(00:03)} Ba6 {(00:15)} 31. Ne3 {
(01:19)} Rb8 {(00:58)} 32. Kf1 {(01:19)} Rb3 {(01:
35)} 33. Rc1 {(00:07)} Bf6 {(02:01)} 34. Be4 {(03:10)} g6
{(07:46)} 35. hxg6 {(03:27)} hxg6 {(00:39)} 36. Ba5 {
(00:42)} Rxe3 {(04:08)} 37. fxe3 {(00:11)} Nb3 {(
00:13)} 38. Bc3 {(05:35)} Bxc3 {(00:50)} 39. Rxc3 {(00:49]
} Nd2+ {(00:11)} 40. Ke1 {(00:00)} Nxe4 {(00:00)} 41. Rb3
{(03:59)} Bxc4 {(00:56)} 42. Rb6 {(00:07)} Nxg3 {(
01:37)} 43. a5 {(00:04)} Ne4 {(00:25)} 44. a6 {(00:03)}
Bxa6 {(00:31)} 45. Rxa6 {(00:03)} Kg7 {(00:24)} 46. Ra7 {
(00:28)} g5 {(00:42)} 47. Ke2 {(00:15)} Kg6 {(00:
46)} 48. Ra6 {(02:51)} Kf5 {(00:36)} 49. Rc6 {(02:15)} f6
{(01:08)} 50. Rc8 {(00:31)} Ke5 {(00:14)} 51. Kd3 {
(01:24)} g4 {(00:27)} 52. Rg8 {(00:04)} g3 {(00:44]
} 53. Kc4 {(00:22)} Ng5 {(00:36)} 54. Ra8 {(00:19)} 0-1

[Event "42nd Olympiad Baku 2016 Open"]
[Site "Baku"]
[Date "2016.09.03"]
[Round "2.5"]
[White "Alice, Mateus Felizardo Vi"]
[Black "Mannhart, Marcel"]
[Result "1/2-1/2"]
[ECO "B06"]
[WhiteElo "2164"]
[BlackElo "2128"]
[Annotator ""]
[PlyCount "118"]
[EventDate "2016.??.??"]
[EventCountry "AZE"]
[SourceTitle "playchess.com"]
[Source "ChessBase"]
[WhiteTeam "Mozambique"]
[BlackTeam "Liechtenstein"]
[WhiteTeamCountry "MOZ"]
[BlackTeamCountry "LIE"]
[TimeControl "40/5400+30:1800+30"]

1. e4 {(00:00)} g6 {(00:00)} 2. d4 {(00:00)} Bg7 {(
00:00)} 3. Nc3 {(00:00)} d6 {(00:06)} 4. Be3 {(03:12)} a6
{(00:27)} 5. Qd2 {(00:51)} Nd7 {(00:44)} 6. g4 {(
03:02)} b5 {(00:41)} 7. h4 {(01:05)} h6 {(03:16)} 8. h5 {
(02:16)} g5 {(01:06)} 9. Nge2 {(00:12)} Bb7 {(00:
29)} 10. Ng3 {(00:14)} e6 {(00:58)} 11. O-O-O {(05:38)}
Ne7 {(07:46)} 12. f4 {(08:13)} gxf4 {(18:44)} 13. Bxf4 {
(02:03)} e5 {(01:08)} 14. dxe5 {(03:54)} Nxe5 {(00:
51)} 15. Be2 {(06:09)} f6 {(07:05)} 16. Nf5 {(02:10)} Nxf5
{(00:42)} 17. gxf5 {(00:10)} Nf7 {(02:05)} 18. Qd4 {
(12:53)} O-O {(04:39)} 19. Nd5 {(12:22)} Ng5 {(13:
25)} 20. Rdf1 {(02:49)} Rf7 {(04:07)} 21. Bxg5 {(02:00)}
fxg5 {(06:42)} 22. f6 {(00:53)} c5 {(00:58)} 23. Qd3 {
(05:16)} Bxf6 {(05:06)} 24. Bg4 {(02:11)} c4 {(03:
10)} 25. Qd2 {(02:50)} Kg7 {(04:00)} 26. Rf2 {(01:22)}
Bxd5 {(04:16)} 27. exd5 {(00:12)} Be5 {(00:52)} 28. Rxf7+
{(04:06)} Kxf7 {(00:14)} 29. Kb1 {(00:19)} Qf6 {(
01:02)} 30. Qe2 {(00:20)} Kg7 {(00:59)} 31. Rf1 {(00:15)}
Bf4 {(00:04)} 32. Qe4 {(00:40)} a5 {(03:33)} 33. c3 {
(04:53)} Ra7 {(00:55)} 34. Qe8 {(01:02)} b4 {(02:
55)} 35. cxb4 {(05:03)} axb4 {(00:28)} 36. Qb8 {(00:44)}
Qe7 {(01:58)} 37. Be6 {(00:39)} Kf6 {(00:07)} 38. Qxb4 {
(00:25)} Qh7+ {(00:37)} 39. Ka1 {(00:31)} Qd3 {(00:
14)} 40. Rb1 {(00:00)} c3 {(00:00)} 41. Qxc3+ {(06:56)}
Qxc3 {(02:55)} 42. bxc3 {(00:10)} Bd2 {(02:53)} 43. Rf1+ {
(00:26)} Ke5 {(00:54)} 44. Kb2 {(00:13)} Rc7 {(00:
47)} 45. Kc2 {(02:10)} Bf4 {(03:11)} 46. a4 {(00:17)} Ke4
{(00:31)} 47. Ra1 {(09:37)} Rxc3+ {(07:19)} 48. Kxc3 {
(04:32)} Be5+ {(00:10)} 49. Kc4 {(04:01)} Bxa1 {(
00:07)} 50. a5 {(00:04)} Bd4 {(00:28)} 51. a6 {(00:03)}
Bc5 {(00:22)} 52. Kb5 {(00:12)} Kf3 {(00:10)} 53. Kc6 {
(00:12)} g4 {(00:09)} 54. a7 {(06:09)} Bxa7 {(00:
40)} 55. Kxd6 {(00:01)} g3 {(01:28)} 56. Bh3 {(00:18)} g2
{(00:42)} 57. Bxg2+ {(00:11)} Kxg2 {(00:09)} 58. Ke6 {
(00:10)} Kf3 {(00:43)} 59. Kf5 {(00:10)} Bb8 {(00:
31)} 1/2-1/2

[Event "42nd Olympiad Baku 2016 Open"]
[Site "Baku"]
[Date "2016.09.03"]
[Round "2.10"]
[White "Alkhaldi, Bader"]
[Black "Masrhi, Abdulrahman A"]
[Result "0-1"]
[ECO "A03"]
[WhiteElo "1956"]
[BlackElo "1900"]
[Annotator ""]
[PlyCount "78"]
[EventDate "2016.??.??"]
[EventCountry "AZE"]
[SourceTitle "playchess.com"]
[Source "ChessBase"]
[WhiteTeam "Kuwait"]
[BlackTeam "KSA"]
[WhiteTeamCountry "KUW"]
[TimeControl "40/5400+30:1800+30"]

1. f4 {(00:00)} d5 {(00:19)} 2. Nf3 {(00:00)} Nf6 {
(00:56)} 3. b3 {(00:15)} Bf5 {(00:46)} 4. Bb2 {(02:
41)} e6 {(03:02)} 5. e3 {(10:20)} h6 {(02:39)} 6. Be2 {
(07:39)} Be7 {(06:30)} 7. O-O {(00:12)} O-O {(00:
38)} 8. Ne5 {(06:44)} c5 {(01:52)} 9. d3 {(03:44)} Nbd7 {
(10:31)} 10. c4 {(06:52)} Qc7 {(21:02)} 11. Nd2 {(
01:31)} Bd6 {(07:52)} 12. g4 {(17:49)} Bh7 {(01:07)} 13.
Ndf3 {(02:52)} a6 {(09:48)} 14. Rf2 {(15:27)} b5 {(
02:13)} 15. Rg2 {(00:36)} bxc4 {(08:01)} 16. bxc4 {(00:12]
} Rab8 {(00:12)} 17. Qd2 {(05:08)} Nb6 {(06:48)} 18. g5 {
(01:48)} hxg5 {(00:21)} 19. fxg5 {(01:27)} Nfd7 {(
01:58)} 20. Nxf7 {(07:52)} Rxf7 {(01:54)} 21. g6 {(00:21)}
Bxg6 {(01:58)} 22. Rxg6 {(00:08)} Ne5 {(01:27)} 23. Nxe5 {
(02:58)} Bxe5 {(00:12)} 24. Bg4 {(01:27)} Nxc4 {(
02:10)} 25. dxc4 {(01:26)} Rxb2 {(00:26)} 26. Qe1 {(02:25]
} Rxh2 {(01:05)} 27. Rb1 {(00:57)} Rff2 {(00:31)} 28.
Bxe6+ {(00:11)} Kh7 {(03:52)} 29. Rg4 {(00:07)} Bg3 {
(01:31)} 30. Rf4 {(01:18)} Rfg2+ {(00:42)} 31. Kf1 {
(00:13)} Bxe1 {(00:45)} 32. Rxe1 {(00:44)} Rxa2 {(
00:44)} 33. Bxd5 {(00:20)} Qa5 {(00:34)} 34. Be4+ {(00:34]
} Kh6 {(00:22)} 35. Rd1 {(00:33)} Ra1 {(00:36)} 36. Kg1 {
(00:09)} Rb2 {(00:57)} 37. Rff1 {(00:42)} Rxd1 {(
00:24)} 38. Rxd1 {(00:04)} Qc7 {(00:14)} 39. Ra1 {(01:11)}
Qg3+ {(00:14)} 0-1

[Event "42nd Olympiad Baku 2016 Open"]
[Site "Baku"]
[Date "2016.09.03"]
[Round "2.31"]
[White "Allam, Mohamed"]
[Black "Subramaniam, Sumant"]
[Result "1/2-1/2"]
[ECO "A34"]
[WhiteElo "1850"]
[BlackElo "2137"]
[Annotator ""]
[PlyCount "91"]
[EventDate "2016.??.??"]
[EventCountry "AZE"]
[SourceTitle "playchess.com"]
[Source "ChessBase"]
[WhiteTeam "Palestine"]
[BlackTeam "Malaysia"]
[WhiteTeamCountry "PLE"]
[BlackTeamCountry "MAS"]
[TimeControl "40/5400+30:1800+30"]

1. c4 {(00:00)} Nf6 {(00:00)} 2. Nc3 {(00:00)} c5 {
(00:11)} 3. g3 {(00:07)} g6 {(00:06)} 4. Bg2 {(00:
31)} Bg7 {(00:05)} 5. Nf3 {(00:31)} O-O {(00:10)} 6. O-O {
(00:21)} d6 {(00:12)} 7. b3 {(03:49)} Ne4 {(00:45)}
8. Bb2 {(00:15)} Nxc3 {(01:20)} 9. Bxc3 {(00:04)} Bxc3 {
(00:31)} 10. dxc3 {(00:03)} Nc6 {(00:26)} 11. Qd2 {
(00:52)} Kg7 {(01:35)} 12. Rad1 {(02:09)} Bg4 {(02:
58)} 13. Nh4 {(12:01)} Qd7 {(02:20)} 14. f4 {(02:28)} Rad8
{(00:54)} 15. f5 {(01:38)} Ne5 {(00:28)} 16. h3 {(
26:48)} Bxf5 {(00:28)} 17. Rxf5 {(03:43)} gxf5 {(00:45)}
18. Rf1 {(01:52)} e6 {(01:35)} 19. Rxf5 {(03:32)} f6 {
(09:45)} 20. Rh5 {(06:40)} Kh8 {(01:14)} 21. g4 {(
06:34)} Qg7 {(01:47)} 22. Kh1 {(03:16)} Nf7 {(00:32)} 23.
Be4 {(02:31)} Ng5 {(00:12)} 24. Bc2 {(10:56)} Kg8 {
(00:31)} 25. Ng2 {(01:20)} h6 {(11:28)} 26. Nf4 {(
01:38)} f5 {(00:15)} 27. gxf5 {(04:15)} exf5 {(02:18)} 28.
Qd5+ {(01:13)} Qf7 {(02:21)} 29. Qg2 {(00:11)} Qg7 {
(00:02)} 30. Qd5+ {(00:04)} Kh8 {(00:15)} 31. Bxf5 {
(00:51)} Rf6 {(00:28)} 32. h4 {(01:59)} Rdf8 {(00:
09)} 33. hxg5 {(01:15)} Rxf5 {(00:04)} 34. Qe6 {(00:17)}
R8f7 {(09:08)} 35. Ng6+ {(02:33)} Kh7 {(00:27)} 36. Rxh6+
{(00:11)} Qxh6+ {(00:07)} 37. gxh6 {(00:13)} R5f6 {
(00:17)} 38. Qe8 {(01:41)} Kxg6 {(07:49)} 39. Qh8 {
(00:15)} Kh5 {(00:50)} 40. h7 {(00:00)} Rh6 {(00:
00)} 41. Qg8 {(05:13)} Rhxh7 {(02:53)} 42. Kh2 {(00:59)}
Rhg7 {(00:27)} 43. Qh8+ {(00:46)} Rh7 {(00:39)} 44. Qg8 {
(00:08)} Rfg7 {(01:45)} 45. Qd5+ {(01:02)} Rg5 {(
00:22)} 46. Qe6 {(01:45)} 1/2-1/2

[Event "42nd Olympiad Baku 2016 Open"]
[Site "Baku"]
[Date "2016.09.03"]
[Round "2.21"]
[White "Aloma Vidal, Robert"]
[Black "Rossini, Paul"]
[Result "1-0"]
[ECO "C62"]
[WhiteElo "2482"]
[BlackElo "1692"]
[Annotator ""]
[PlyCount "42"]
[EventDate "2016.??.??"]
[EventCountry "AZE"]
[SourceTitle "playchess.com"]
[Source "ChessBase"]
[WhiteTeam "Andorra"]
[BlackTeam "San Marino"]
[WhiteTeamCountry "AND"]
[BlackTeamCountry "SMR"]
[TimeControl "40/5400+30:1800+30"]

1. e4 {(00:00)} e5 {(00:00)} 2. Nf3 {(00:00)} Nc6 {
(00:03)} 3. Bb5 {(00:35)} d6 {(00:43)} 4. d4 {(00:
41)} Bd7 {(02:19)} 5. Nc3 {(00:43)} Nge7 {(01:39)} 6. O-O
{(01:02)} a6 {(01:27)} 7. Be2 {(07:29)} exd4 {(07:
04)} 8. Nxd4 {(02:00)} g6 {(00:13)} 9. Bg5 {(01:44)} Bg7 {
(05:55)} 10. Nd5 {(04:51)} Nxd4 {(04:49)} 11. Bxe7 {
(01:22)} Nxe2+ {(00:33)} 12. Qxe2 {(00:42)} Qc8 {(
00:50)} 13. e5 {(08:17)} dxe5 {(04:02)} 14. Bf6 {(03:11)}
Bxf6 {(12:41)} 15. Nxf6+ {(02:46)} Ke7 {(00:19)} 16. Qxe5+
{(00:21)} Be6 {(00:10)} 17. Nd5+ {(01:48)} Kd7 {(
00:49)} 18. Rad1 {(00:55)} Bxd5 {(06:00)} 19. Rxd5+ {(15:
58)} Kc6 {(00:18)} 20. Rfd1 {(00:39)} Qe6 {(04:41)} 21.
Qc3+ {(00:14)} Kb6 {(00:25)} 1-0

[Event "42nd Olympiad Baku 2016 Open"]
[Site "Baku"]
[Date "2016.09.03"]
[Round "2.32"]
[White "Al-Saffar, Araz Basim Mohammed"]
[Black "Semedo, Adelino"]
[Result "1-0"]
[ECO "D11"]
[WhiteElo "2361"]
[BlackElo "1671"]
[Annotator ""]
[PlyCount "63"]
[EventDate "2016.??.??"]
[EventCountry "AZE"]
[SourceTitle "playchess.com"]
[Source "ChessBase"]
[WhiteTeam "Iraq"]
[BlackTeam "STP"]
[WhiteTeamCountry "IRQ"]
[TimeControl "40/5400+30:1800+30"]

1. d4 {(00:00)} d5 {(00:00)} 2. c4 {(00:16)} c6 {(
00:00)} 3. Nf3 {(00:20)} Nf6 {(00:05)} 4. e3 {(00:07)} e6
{(00:58)} 5. b3 {(00:14)} Nbd7 {(02:35)} 6. Bd3 {(
00:07)} Be7 {(01:53)} 7. O-O {(00:07)} O-O {(01:50)} 8.
Nc3 {(00:53)} Re8 {(05:04)} 9. Bb2 {(03:00)} Nf8 {(
01:57)} 10. Qe2 {(04:08)} Ng6 {(03:50)} 11. Rad1 {(01:23)}
Bd6 {(05:41)} 12. g3 {(03:59)} e5 {(03:47)} 13. Bxg6 {
(01:07)} hxg6 {(01:00)} 14. dxe5 {(00:57)} Bxe5 {(
00:58)} 15. Nxe5 {(00:16)} Rxe5 {(01:11)} 16. Nxd5 {(00:
35)} Rxd5 {(13:44)} 17. cxd5 {(01:02)} cxd5 {(05:09)} 18.
e4 {(04:28)} Bg4 {(10:59)} 19. f3 {(01:28)} Bh3 {(
01:40)} 20. Rfe1 {(00:14)} Qa5 {(10:55)} 21. Bxf6 {(11:48]
} gxf6 {(00:09)} 22. exd5 {(00:06)} Bf5 {(10:33)} 23. d6 {
(02:11)} Rd8 {(00:52)} 24. Qd2 {(00:48)} Qc5+ {(01:
46)} 25. Qd4 {(08:38)} Qxd4+ {(05:46)} 26. Rxd4 {(01:54)}
Be6 {(00:26)} 27. Rc1 {(00:11)} Kf8 {(02:24)} 28. Rc7 {
(00:09)} Rd7 {(00:57)} 29. Rxd7 {(01:04)} Bxd7 {(
00:12)} 30. Rh4 {(00:05)} Kg7 {(01:44)} 31. Re4 {(05:39)}
Be6 {(02:07)} 32. Rxe6 {(00:25)} 1-0